 Dungeon Sprint DCSS version 0.22-a0-388-g09e6169 (webtiles) character file.

875 sexinstructor the Fighter (level 8, -9/74 (79) HPs)
             Began as a Formicid Fighter on Apr 29, 2018.
             Mangled by a harpy (19 damage)
             ... summoned by Kirke
             ... in the Dungeon (Sprint II: "The Violet Keep of Menkaure").
             The game lasted 00:07:59 (1229 turns).

sexinstructor the Fighter (Formicid Fighter)        Turns: 1229, Time: 00:08:01

HP:   -9/74 (79)    AC:  0    Str: 27    XL:     8   Next: 24%
MP:   8/8           EV: 13    Int:  9    God:
Gold: 456           SH:  0    Dex: 10    Spells: 7/7 levels left

rFire    . . .     SeeInvis .   (weapon currently unavailable)
rCold    . . .     Gourm    .   (shield currently unavailable)
rNeg     . . .     Faith    .   (armour currently unavailable)
rPois    .         Spirit   .   (helmet unavailable)
rElec    .         Reflect  .   (cloak currently unavailable)
rCorr    .         Harm     .   (gloves currently unavailable)
MR       .....                  (boots currently unavailable)
Stlth    +.........             (no amulet)
HPRegen  0.22/turn              (ring currently unavailable)
MPRegen  0.11/turn              (ring currently unavailable)

@: mighty, pig-form, very slow
A: small, permanent stasis, dig shafts and tunnels, four strong arms
a: no special abilities


You were in the Dungeon.
You were not hungry.
You were a filthy swine.
You visited 1 branch You collected 972 gold pieces.
You spent 516 gold pieces at shops.

Inventory:

Hand Weapons
 a - a +0 war axe
 g - the +8 war axe of Valour (melded) {protect, rElec rPois}
   (You bought it in a shop in the Dungeon)

   It protects the one who uses it against injury (+AC on strike).
   It insulates you from electricity.
   It protects you from poison.
Armour
 b - a +0 scale mail
 c - a +0 shield (melded)
 n - a +0 chain mail (melded)
Scrolls
 k - a scroll of blinking
Potions
 d - a potion of might
 e - 3 potions of curing
 h - a potion of haste
 i - 2 potions of magic
 j - a potion of berserk rage
 l - a potion of lignification
Comestibles
 f - a ration
 m - 5 chunks of flesh


   Skills:
 - Level 13.2 Fighting
 + Level 10.7 Axes
 + Level 3.2 Armour
 + Level 2.2 Stealth
 + Level 7.4 Shields


You had 7 spell levels left.
You didn't know any spells.

Dungeon Overview and Level Annotations

Branches:
Dungeon (1/1)

Altars:

Shops:
D [[:}!(}?(=%}%:=!

Annotations:
D exclusion: oklob plant, Kirke


Innate Abilities, Weirdness & Mutations

You cannot be hasted, slowed, berserked, paralysed or teleported.
You can dig through walls and to a lower floor.
Your four strong arms can wield two-handed weapons with a shield.
((You have a pair of large antennae on your head. (SInv)))


Message History

Kirke gestures wildly while chanting.
Kirke summons some harpies!
You closely miss Kirke.
Kirke is lightly wounded.
The harpy misses you. x3; The harpy claws you!
Kirke gestures wildly while chanting.
Kirke summons some harpies!
You closely miss Kirke.
Kirke is lightly wounded.
The harpy screeches! x2
The harpy barely misses you. The harpy claws you. The harpy closely misses you.
The harpy claws you.
The harpy claws you! x2; Kirke barely misses you.
The harpy claws you!
* * * LOW HITPOINT WARNING * * *
The harpy closely misses you. The harpy claws you.
* * * LOW HITPOINT WARNING * * *
The harpy claws you.
* * * LOW HITPOINT WARNING * * *
The harpy claws you!!
You die...

{ { {{ { ### { { {{{
#.cK#### { § {{{#zY4c@H##
≈§ {
############hH#+++#++
###########H≈H....... {
##.......∩#≈≈≈≈.##+## {{
##∩.....∩.#≈≈≈≈###.### {
##.∩...∩.∩#≈≈≈≈#..#..# {
##∩.∩.∩.∩.#≈≈####.#.####
##.∩.∩.∩..#≈##.###'###.##
{
##..∩.∩...#≈#...##.##...#
##...⌠....'≈'.#)'.<.'##.+


You could see Kirke, a yaktaur captain, an elephant, a skeletal warrior, a
centaur warrior, a kobold demonologist, 4 harpies and a chaos spawn.

Vanquished Creatures
  A merfolk siren (D)
  4 necrophages (D)
  A crocodile (D)
  4 worker ants (D)
  3 worms (D)
13 creatures vanquished.

Vanquished Creatures (others)
  Menkaure (D)
  A crocodile (D)
2 creatures vanquished.

Grand Total: 15 creatures vanquished

Notes
Turn   | Place    | Note
-------+----------+-------------------------------------------
     0 | D        | sexinstructor the Formicid Fighter began the quest for the Orb.
     0 | D        | Reached XP level 1. HP: 18/18 MP: 1/1
     1 | D        | Noticed a merfolk siren
     8 | D        | Killed a merfolk siren
     8 | D        | Reached skill level 12 in Fighting
     8 | D        | Reached XP level 2. HP: 7/39 MP: 2/2
     8 | D        | Reached XP level 3. HP: 8/45 MP: 3/3
     8 | D        | Reached XP level 4. HP: 10/52 MP: 4/4
     8 | D        | Reached XP level 5. HP: 11/58 MP: 5/5
     8 | D        | Reached XP level 6. HP: 12/65 MP: 6/6
    87 | D        | Killed Menkaure
   307 | D        | Noticed a necrophage
   307 | D        | Noticed a necrophage
   307 | D        | Noticed a necrophage
   307 | D        | Noticed a necrophage
   313 | D        | Killed a necrophage
   313 | D        | Reached skill level 13 in Fighting
   313 | D        | Reached XP level 7. HP: 63/71 MP: 7/7
   323 | D        | Reached skill level 1 in Stealth
   328 | D        | Reached skill level 5 in Shields
   812 | D        | Reached skill level 10 in Axes
   812 | D        | Reached XP level 8. HP: 67/74 MP: 8/8
  1004 | D        | Found Cydich's Jewellery Emporium.
  1004 | D        | Found Yxoax's Gadget Emporium.
  1004 | D        | Found Foasy's Book Emporium.
  1004 | D        | Found Marur's Antique Weapon Shoppe.
  1004 | D        | Found Raiseoq's Food Shoppe.
  1005 | D        | Found Zaitraw's Magic Scroll Shoppe.
  1005 | D        | Found Hireyd Jeutz's Distillery.
  1005 | D        | Found Gaisu's Food Shoppe.
  1005 | D        | Found Xeops's Jewellery Shoppe.
  1006 | D        | Found Enus's Gadget Shoppe.
  1006 | D        | Found Edeistido's Antique Weapon Emporium.
  1008 | D        | Found Doisseul's Distillery.
  1008 | D        | Found Nautoi's Gadget Shoppe.
  1008 | D        | Noticed a death yak
  1008 | D        | Noticed an oklob plant
  1009 | D        | Found Zoczocle's Antique Armour Shoppe.
  1009 | D        | Found Goonaame's Book Shoppe.
  1009 | D        | Found Tyobooje's Antique Armour Emporium.
  1009 | D        | Noticed a yak
  1010 | D        | Noticed a yak
  1010 | D        | Noticed a yak
  1031 | D        | Noticed a hippogriff
  1040 | D        | Noticed a hippogriff
  1041 | D        | Bought 2 potions of might for 88 gold pieces
  1046 | D        | Noticed a hippogriff
  1052 | D        | Bought an iridescent war axe for 212 gold pieces
  1052 | D        | Identified the +8 war axe of Valour {protect, rElec rPois} (You bought it in a shop in the Dungeon)
  1067 | D        | Bought a potion of curing for 33 gold pieces
  1067 | D        | Bought a potion of lignification for 33 gold pieces
  1067 | D        | Bought a potion of curing for 33 gold pieces
  1182 | D        | Bought a chain mail for 117 gold pieces
  1218 | D        | Noticed a centaur warrior
  1218 | D        | Noticed Kirke
  1218 | D        | Noticed a kobold demonologist
  1219 | D        | Noticed an elephant
  1219 | D        | Noticed a skeletal warrior
  1219 | D        | Noticed a yaktaur captain
  1228 | D        | Noticed a harpy
  1228 | D        | Noticed a harpy
  1229 | D        | Noticed a harpy
  1229 | D        | Noticed a harpy
  1229 | D        | Mangled by a harpy

Vault maps used:
D:        the_violet_keep_of_menkaure

Skill      XL: |  1  2  3  4  5  6  7  8 |
---------------+-------------------------+-----
Fighting       | 12 13 | 13.2
Axes           | 7 8 10 | 10.7
Stealth        | 1 2 |  2.2
Shields        | 6 7 |  7.4
Armour         | |  3.2

Action                   |  1- 3 |  4- 6 |  7- 9 || total
-------------------------+-------+-------+-------++-------
Melee: War axe           |     4 |    10 |    49 ||    63
       Unarmed           |       |       |     3 ||     3
 Abil: Dig               |       |       |     2 ||     2
  Use: Potion            |     2 |       |     1 ||     3
  Eat: Chunk             |       |       |     1 ||     1
Armor: Scale mail        |       |     1 |     9 ||    10
       Chain mail        |       |       |     2 ||     2
Dodge: Dodged            |     1 |     1 |    17 ||    19
Block: Shield            |       |     2 |    14 ||    16

Table legend:
 A = Spawn XP
 B = Non-spawn XP
 C = Spawn XP percentage of total XP
 D = Spawn monster count
 E = Non-spawn monster count
 F = Spawn count percentage of total count
 G = Total turns spent on level
                    A         B        C        D         E        F      G
               +---------+---------+-------+---------+---------+-------+---------
         Total |       0 |    1251 |   0.0 |       0 |      13 |   0.0 |  1229
               +---------+---------+-------+---------+---------+-------+---------
             D |       0 |    1251 |   0.0 |       0 |      13 |   0.0 |  1229
               +---------+---------+-------+---------+---------+-------+---------
